[ AOE2 MATCH · #476825517 ]
UnrankedLithuanians vs Franks
[ REPLAY ANALYSIS · EXTRACTED FROM THE RECORDED GAME ]
Feudal
10:06
Castle
13:55
Imperial
32:03
| APM avg | 38.1 |
| APM peak | 75 |
| eAPM avg | 21.3 |
| Villagers / military | 144 / 173 |
Focus
⚔️ 22.4% · 🌾 77.6%
Leitis ×86 · Skirmisher ×72 · Spearman ×12 · Monk ×3
Feudal
11:12
Castle
15:18
Imperial
28:41
| APM avg | 40.2 |
| APM peak | 72 |
| eAPM avg | 25.1 |
| Villagers / military | 180 / 171 |
Focus
⚔️ 31.8% · 🌾 68.2%
Knight ×148 · Spearman ×23
Feudal
11:01
Castle
14:46
Imperial
30:14
| APM avg | 58.9 |
| APM peak | 99 |
| eAPM avg | 30.9 |
| Villagers / military | 180 / 347 |
Focus
⚔️ 37.5% · 🌾 62.5%
Knight ×321 · Scout Cavalry ×14 · Monk ×12
Feudal
10:57
Castle
14:39
Imperial
30:34
| APM avg | 44.5 |
| APM peak | 79 |
| eAPM avg | 19.2 |
| Villagers / military | 146 / 123 |
Focus
⚔️ 31.0% · 🌾 69.0%
Skirmisher ×76 · Hand Cannoneer ×31 · Mameluke ×11 · Camel Scout ×4 · Trebuchet (Packed) ×1
Feudal
7:34
Castle
15:09
Imperial
26:04
| APM avg | 28.8 |
| APM peak | 58 |
| eAPM avg | 22.3 |
| Villagers / military | 142 / 211 |
Focus
⚔️ 46.1% · 🌾 53.9%
Archer ×153 · Spearman ×33 · Karambit Warrior ×12 · Bombard Cannon ×9 · Trebuchet (Packed) ×3 · Scorpion ×1
Feudal
10:45
Castle
14:44
Imperial
28:51
| APM avg | 27.3 |
| APM peak | 59 |
| eAPM avg | 17.3 |
| Villagers / military | 136 / 99 |
Focus
⚔️ 30.9% · 🌾 69.1%
Archer ×87 · Spearman ×6 · Trebuchet (Packed) ×6
Feudal
10:31
Castle
14:01
Imperial
27:33
| APM avg | 36.2 |
| APM peak | 77 |
| eAPM avg | 20.3 |
| Villagers / military | 165 / 298 |
Focus
⚔️ 32.2% · 🌾 67.8%
Longbowman ×196 · Spearman ×100 · Trebuchet (Packed) ×2
Feudal
8:51
Castle
18:58
Imperial
29:53
| APM avg | 43.4 |
| APM peak | 106 |
| eAPM avg | 30.8 |
| Villagers / military | 187 / 216 |
Focus
⚔️ 35.8% · 🌾 64.2%
Knight ×167 · Scout Cavalry ×39 · Trebuchet (Packed) ×6 · Kipchak ×4
Match map
Initial resources + every placement click. Lines = walls · curves = elevation contours. ◆ gold · ⬟ stone · ● berries · ✦ relic · ◌ wall gap
Your base· ✓ Closed at 13:55 · 0t walls · 2 gate(s)
福宝's base· ✓ Closed at 15:18 · 0t walls · 2 gate(s)
Joselu9710's base· ✓ Closed at 14:46 · 0t walls · 2 gate(s)
gjizhijian6866's base· ✓ Closed at 14:39 · 0t walls · 2 gate(s)
Muelle En Charquito's base· ✓ Closed at 15:09 · 0t walls · 2 gate(s)
adrylaynez69's base· ✓ Closed at 14:44 · 0t walls · 2 gate(s)
0.o's base· ✓ Closed at 14:01 · 0t walls · 2 gate(s)
Pedrosa24's base· ✓ Closed at 18:58 · 0t walls · 2 gate(s)
Smoothed initial terrain · ◌ = detected wall gap · hover for details
Inputs per minute
— 鹿乃子乃子虎视眈眈 - - 福宝
Build order — 鹿乃子乃子虎视眈眈
First 150 of 335 actions detected
| 0:01 | Create | Villager (Male) |
| 0:01 | Create | Villager (Male) |
| 0:02 | Create | Villager (Male) |
| 0:02 | Create | Villager (Male) |
| 0:03 | Build | House |
| 0:04 | Build | House |
| 0:34 | Create | Villager (Male) |
| 1:02 | Create | Villager (Male) |
| 1:25 | Build | Lumber Camp |
| 1:33 | Create | Villager (Male) |
| 1:47 | Create | Villager (Male) |
| 2:22 | Build | House |
| 2:47 | Create | Villager (Male) |
| 2:47 | Create | Villager (Male) |
| 2:48 | Create | Villager (Male) |
| 3:44 | Create | Villager (Male) |
| 3:58 | Create | Villager (Male) |
| 4:33 | Create | Villager (Male) |
| 4:47 | Build | House |
| 5:05 | Build | Mill |
| 5:12 | Create | Villager (Male) |
| 5:32 | Create | Villager (Male) |
| 6:03 | Create | Villager (Male) |
| 6:26 | Create | Villager (Male) |
| 6:30 | Create | Villager (Male) |
| 6:47 | Build | Mining Camp |
| 6:53 | Create | Villager (Male) |
| 7:19 | Build | Farm |
| 7:56 | Research | Feudal Age |
| 8:40 | Build | Farm |
| 8:57 | Build | Barracks |
| 9:51 | Create | Villager (Male) |
| 9:51 | Create | Villager (Male) |
| 10:06 | Age | Feudal Age |
| 10:08 | Build | Market |
| 10:10 | Build | Blacksmith |
| 11:15 | Research | Castle Age |
| 11:54 | Research | Double-Bit Axe |
| 12:19 | Build | House |
| 12:20 | Create | Spearman |
| 12:40 | Research | Horse Collar |
| 12:50 | Create | Spearman |
| 13:00 | Build | House |
| 13:45 | Create | Villager (Male) |
| 13:55 | Age | Castle Age |
| 13:56 | Build | Monastery |
| 14:07 | Build | Town Center |
| 14:35 | Create | Spearman |
| 14:36 | Create | Villager (Male) |
| 14:36 | Create | Villager (Male) |
| 14:42 | Create | Monk |
| 14:44 | Build | House |
| 15:00 | Create | Villager (Male) |
| 15:02 | Build | Farm |
| 15:05 | Build | Farm |
| 15:35 | Create | Spearman |
| 15:37 | Create | Villager (Male) |
| 15:54 | Build | House |
| 15:55 | Create | Monk |
| 15:58 | Create | Villager (Male) |
| 15:58 | Create | Villager (Male) |
| 16:28 | Create | Spearman |
| 16:30 | Build | House |
| 16:34 | Create | Villager (Male) |
| 16:37 | Build | Farm |
| 16:38 | Build | Farm |
| 16:41 | Create | Villager (Male) |
| 16:49 | Create | Spearman |
| 17:00 | Build | House |
| 17:09 | Build | Farm |
| 17:11 | Build | Farm |
| 17:12 | Build | Farm |
| 17:12 | Build | Farm |
| 17:13 | Create | Villager (Male) |
| 17:45 | Create | Spearman |
| 17:46 | Create | Monk |
| 17:50 | Build | Farm |
| 17:50 | Build | Farm |
| 17:53 | Build | Farm |
| 18:05 | Build | Farm |
| 18:06 | Create | Villager (Male) |
| 18:07 | Create | Villager (Male) |
| 18:12 | Create | Spearman |
| 18:34 | Create | Spearman |
| 18:50 | Create | Spearman |
| 19:00 | Create | Villager (Male) |
| 19:15 | Create | Villager (Male) |
| 19:17 | Create | Villager (Male) |
| 19:36 | Create | Spearman |
| 19:50 | Research | Loom |
| 19:51 | Create | Villager (Male) |
| 19:57 | Create | Spearman |
| 20:00 | Create | Villager (Male) |
| 20:00 | Create | Villager (Male) |
| 20:05 | Build | Town Center |
| 20:10 | Build | Farm |
| 20:12 | Build | Farm |
| 20:24 | Create | Villager (Male) ×2 |
| 20:40 | Build | Farm |
| 20:44 | Build | House |
| 20:45 | Build | House |
| 21:01 | Research | Bow Saw |
| 21:01 | Research | Bow Saw |
| 21:05 | Create | Villager (Male) |
| 21:05 | Create | Villager (Male) |
| 21:18 | Create | Villager (Male) |
| 21:25 | Build | Farm |
| 21:25 | Build | Farm |
| 21:39 | Research | Wheelbarrow |
| 21:40 | Create | Villager (Male) |
| 21:41 | Create | Villager (Male) |
| 21:45 | Build | Farm |
| 21:46 | Build | Farm |
| 21:51 | Build | House |
| 21:56 | Create | Villager (Male) |
| 21:56 | Create | Villager (Male) |
| 22:04 | Create | Villager (Male) |
| 22:04 | Create | Villager (Male) |
| 22:09 | Build | Farm |
| 22:12 | Build | Farm |
| 22:21 | Create | Villager (Male) |
| 22:24 | Build | House |
| 22:25 | Build | House |
| 22:31 | Create | Villager (Male) |
| 22:31 | Create | Villager (Male) |
| 22:40 | Create | Villager (Male) |
| 22:54 | Build | Town Center |
| 22:58 | Create | Villager (Male) ×2 |
| 22:58 | Create | Villager (Male) ×2 |
| 23:14 | Create | Villager (Male) ×2 |
| 23:22 | Build | House |
| 23:23 | Build | House |
| 23:26 | Create | Villager (Male) ×2 |
| 23:26 | Create | Villager (Male) ×2 |
| 23:43 | Build | Farm |
| 23:46 | Create | Villager (Male) |
| 23:47 | Create | Villager (Male) |
| 23:48 | Create | Villager (Male) |
| 23:58 | Build | Town Center |
| 24:04 | Create | Villager (Male) ×3 |
| 24:07 | Create | Villager (Male) ×2 |
| 24:09 | Build | Farm |
| 24:10 | Build | Farm |
| 24:16 | Create | Villager (Male) ×2 |
| 24:17 | Create | Villager (Male) ×2 |
| 24:24 | Build | Farm |
| 24:26 | Build | Farm |
| 24:29 | Create | Villager (Male) |
| 24:29 | Create | Villager (Male) |
| 24:32 | Build | House |
Build order — 福宝
First 150 of 541 actions detected
| 0:02 | Create | Villager (Male) |
| 0:03 | Create | Villager (Male) |
| 0:03 | Create | Villager (Male) |
| 0:03 | Create | Villager (Male) |
| 0:04 | Build | House |
| 0:06 | Build | House |
| 1:33 | Create | Villager (Male) |
| 1:33 | Create | Villager (Male) |
| 1:47 | Build | Lumber Camp |
| 2:07 | Create | Villager (Male) |
| 2:07 | Create | Villager (Male) |
| 2:23 | Create | Villager (Male) |
| 2:23 | Create | Villager (Male) |
| 2:51 | Create | Villager (Male) |
| 2:51 | Create | Villager (Male) |
| 3:23 | Create | Villager (Male) |
| 3:24 | Create | Villager (Male) |
| 3:24 | Create | Villager (Male) |
| 3:27 | Research | Double-Bit Axe |
| 3:55 | Create | Villager (Male) |
| 3:55 | Create | Villager (Male) |
| 4:03 | Build | House |
| 4:09 | Create | Villager (Male) |
| 4:09 | Create | Villager (Male) |
| 4:09 | Create | Villager (Male) |
| 4:30 | Create | Villager (Male) |
| 4:30 | Create | Villager (Male) |
| 5:02 | Create | Villager (Male) |
| 5:03 | Create | Villager (Male) |
| 5:03 | Create | Villager (Male) |
| 5:43 | Build | Mill |
| 5:50 | Build | House |
| 6:00 | Create | Villager (Male) |
| 6:01 | Create | Villager (Male) |
| 6:15 | Build | House |
| 6:32 | Create | Villager (Male) |
| 6:32 | Create | Villager (Male) |
| 6:33 | Create | Villager (Male) |
| 7:05 | Create | Villager (Male) |
| 7:25 | Create | Villager (Male) |
| 7:31 | Research | Horse Collar |
| 7:44 | Create | Villager (Male) |
| 8:04 | Build | Farm |
| 8:19 | Build | Farm |
| 8:22 | Build | Farm |
| 9:02 | Research | Feudal Age |
| 9:19 | Build | Mining Camp |
| 9:57 | Create | Villager (Male) |
| 9:57 | Create | Villager (Male) |
| 10:30 | Build | Farm |
| 11:12 | Age | Feudal Age |
| 11:17 | Build | Market |
| 11:28 | Build | Blacksmith |
| 11:49 | Build | House |
| 12:02 | Create | Villager (Male) |
| 12:38 | Research | Castle Age |
| 13:12 | Research | Heavy Plow |
| 13:30 | Create | Villager (Male) |
| 13:38 | Build | Farm |
| 13:58 | Build | Farm |
| 14:00 | Research | Bow Saw |
| 14:42 | Build | Farm |
| 15:18 | Age | Castle Age |
| 15:24 | Build | Town Center |
| 15:27 | Research | Two-Man Saw |
| 15:37 | Create | Villager (Male) |
| 15:56 | Create | Villager (Male) |
| 16:11 | Create | Villager (Male) |
| 16:17 | Build | Town Center |
| 16:38 | Create | Villager (Male) |
| 16:39 | Create | Villager (Male) |
| 16:39 | Create | Villager (Male) |
| 16:47 | Build | Farm |
| 16:52 | Build | Farm |
| 16:54 | Create | Villager (Male) |
| 16:54 | Create | Villager (Male) |
| 17:04 | Build | House |
| 17:05 | Build | House |
| 17:14 | Create | Villager (Male) |
| 17:15 | Create | Villager (Male) |
| 17:18 | Build | Farm |
| 17:21 | Build | Lumber Camp |
| 17:32 | Build | Farm |
| 17:34 | Build | Farm |
| 17:37 | Create | Villager (Male) |
| 17:37 | Create | Villager (Male) |
| 17:37 | Create | Villager (Male) |
| 17:47 | Create | Villager (Male) |
| 17:48 | Create | Villager (Male) |
| 17:48 | Create | Villager (Male) |
| 18:07 | Create | Villager (Male) |
| 18:08 | Create | Villager (Male) |
| 18:08 | Create | Villager (Male) |
| 18:10 | Build | House |
| 18:11 | Build | House |
| 18:17 | Build | Farm |
| 18:18 | Build | Farm |
| 18:21 | Create | Villager (Male) |
| 18:21 | Create | Villager (Male) |
| 18:21 | Create | Villager (Male) |
| 18:31 | Build | Farm |
| 18:33 | Build | Farm |
| 18:42 | Create | Villager (Male) |
| 18:42 | Create | Villager (Male) |
| 18:42 | Create | Villager (Male) |
| 18:42 | Create | Villager (Male) |
| 18:43 | Create | Villager (Male) |
| 18:43 | Create | Villager (Male) |
| 18:46 | Build | Lumber Camp |
| 18:50 | Build | Farm |
| 18:54 | Create | Villager (Male) |
| 18:54 | Create | Villager (Male) |
| 18:54 | Create | Villager (Male) |
| 18:59 | Build | Farm |
| 19:10 | Build | House |
| 19:14 | Create | Villager (Male) |
| 19:14 | Create | Villager (Male) |
| 19:14 | Create | Villager (Male) |
| 19:22 | Create | Villager (Male) |
| 19:22 | Create | Villager (Male) |
| 19:22 | Create | Villager (Male) |
| 19:31 | Build | Farm |
| 19:32 | Build | Farm |
| 19:33 | Build | Farm |
| 19:34 | Build | Farm |
| 19:37 | Create | Villager (Male) |
| 19:38 | Create | Villager (Male) |
| 19:38 | Create | Villager (Male) |
| 19:45 | Create | Villager (Male) |
| 19:45 | Create | Villager (Male) |
| 19:45 | Create | Villager (Male) |
| 19:47 | Build | House |
| 19:55 | Create | Villager (Male) |
| 19:56 | Create | Villager (Male) |
| 20:04 | Build | Farm |
| 20:10 | Create | Villager (Male) |
| 20:10 | Create | Villager (Male) |
| 20:10 | Create | Villager (Male) |
| 20:15 | Build | Farm |
| 20:16 | Build | Farm |
| 20:17 | Create | Villager (Male) |
| 20:18 | Create | Villager (Male) |
| 20:18 | Create | Villager (Male) |
| 20:23 | Build | House |
| 20:28 | Create | Villager (Male) |
| 20:34 | Build | Town Center |
| 20:36 | Create | Villager (Male) |
| 20:37 | Create | Villager (Male) |
| 20:39 | Build | Farm |
| 20:46 | Create | Villager (Male) |
Build order — Joselu9710
First 150 of 537 actions detected
| 0:00 | Create | Villager (Male) |
| 0:01 | Create | Villager (Male) |
| 0:02 | Build | House |
| 0:03 | Build | House |
| 0:07 | Create | Villager (Male) |
| 0:07 | Create | Villager (Male) |
| 1:23 | Create | Villager (Male) |
| 1:45 | Build | Lumber Camp |
| 2:05 | Create | Villager (Male) |
| 2:30 | Create | Villager (Male) |
| 2:48 | Create | Villager (Male) |
| 2:52 | Create | Villager (Male) |
| 3:43 | Create | Villager (Male) |
| 3:44 | Create | Villager (Male) |
| 3:47 | Create | Villager (Male) |
| 3:47 | Create | Villager (Male) |
| 3:50 | Build | House |
| 3:52 | Build | House |
| 4:33 | Create | Villager (Male) |
| 4:41 | Create | Villager (Male) |
| 4:53 | Build | House |
| 5:03 | Build | Mill |
| 5:31 | Create | Villager (Male) |
| 5:31 | Create | Villager (Male) |
| 5:38 | Create | Villager (Male) |
| 5:40 | Create | Villager (Male) |
| 6:06 | Create | Villager (Male) |
| 6:57 | Create | Villager (Male) |
| 7:15 | Create | Villager (Male) |
| 7:18 | Create | Villager (Male) |
| 7:30 | Create | Villager (Male) |
| 8:05 | Build | Mining Camp |
| 8:28 | Create | Villager (Male) |
| 8:36 | Create | Villager (Male) |
| 8:41 | Create | Villager (Male) |
| 8:51 | Research | Feudal Age |
| 8:51 | Research | Feudal Age |
| 9:21 | Build | Barracks |
| 9:29 | Create | Villager (Male) |
| 11:01 | Age | Feudal Age |
| 11:04 | Build | Stable |
| 11:08 | Build | Market |
| 11:16 | Build | Farm |
| 11:18 | Build | Farm |
| 11:19 | Build | Farm |
| 11:22 | Create | Villager (Male) |
| 11:28 | Build | Farm |
| 11:50 | Build | Farm |
| 12:06 | Research | Castle Age |
| 12:06 | Research | Castle Age |
| 12:10 | Build | Farm |
| 12:36 | Research | Double-Bit Axe |
| 12:36 | Research | Double-Bit Axe |
| 12:44 | Build | Farm |
| 13:01 | Build | Farm |
| 13:03 | Build | House |
| 13:07 | Build | House |
| 13:11 | Create | Scout Cavalry |
| 13:11 | Create | Scout Cavalry |
| 13:19 | Create | Villager (Male) |
| 13:28 | Build | Farm |
| 13:29 | Create | Scout Cavalry |
| 13:34 | Build | House |
| 13:41 | Create | Villager (Male) |
| 13:44 | Build | Farm |
| 14:05 | Build | Farm |
| 14:07 | Create | Scout Cavalry |
| 14:18 | Create | Scout Cavalry |
| 14:39 | Create | Scout Cavalry |
| 14:46 | Age | Castle Age |
| 14:51 | Research | Light Cavalry (upgrade) |
| 14:51 | Research | Light Cavalry (upgrade) |
| 14:55 | Build | Monastery |
| 15:06 | Create | Scout Cavalry |
| 15:14 | Build | House |
| 15:22 | Create | Villager (Male) |
| 15:33 | Build | Farm |
| 15:35 | Build | Farm |
| 15:37 | Create | Scout Cavalry |
| 15:46 | Create | Monk |
| 15:59 | Create | Villager (Male) |
| 16:01 | Create | Monk |
| 16:01 | Create | Monk |
| 16:15 | Create | Villager (Male) |
| 16:31 | Create | Scout Cavalry |
| 16:36 | Build | Town Center |
| 16:52 | Create | Scout Cavalry |
| 16:55 | Create | Villager (Male) |
| 16:55 | Create | Villager (Male) |
| 17:06 | Create | Villager (Male) |
| 17:15 | Create | Villager (Male) |
| 17:31 | Create | Villager (Male) |
| 17:40 | Create | Villager (Male) |
| 17:41 | Create | Villager (Male) |
| 17:41 | Create | Villager (Male) |
| 17:45 | Create | Scout Cavalry |
| 17:45 | Create | Scout Cavalry |
| 17:49 | Create | Monk |
| 17:59 | Research | Bow Saw |
| 18:13 | Create | Villager (Male) |
| 18:15 | Create | Villager (Male) |
| 18:15 | Create | Villager (Male) |
| 18:17 | Build | Farm |
| 18:18 | Build | Farm |
| 18:18 | Build | Farm |
| 18:18 | Build | Farm |
| 18:18 | Build | Farm |
| 18:18 | Build | Farm |
| 18:19 | Build | Farm |
| 18:31 | Create | Villager (Male) |
| 18:36 | Create | Villager (Male) |
| 18:53 | Create | Villager (Male) |
| 19:00 | Build | Farm |
| 19:00 | Build | Farm |
| 19:09 | Create | Villager (Male) |
| 19:16 | Create | Villager (Male) |
| 19:22 | Create | Villager (Male) |
| 19:46 | Create | Villager (Male) |
| 19:46 | Create | Villager (Male) |
| 19:46 | Create | Villager (Male) |
| 19:48 | Create | Villager (Male) |
| 19:49 | Create | Monk |
| 19:58 | Build | Town Center |
| 20:18 | Create | Villager (Male) |
| 20:22 | Create | Villager (Male) |
| 20:26 | Create | Villager (Male) |
| 20:26 | Create | Villager (Male) |
| 20:26 | Create | Villager (Male) |
| 20:29 | Build | House |
| 20:30 | Build | House |
| 20:43 | Create | Villager (Male) |
| 20:47 | Create | Villager (Male) |
| 20:50 | Create | Monk |
| 20:50 | Create | Monk |
| 20:59 | Create | Villager (Male) |
| 21:00 | Create | Villager (Male) |
| 21:12 | Create | Villager (Male) |
| 21:22 | Create | Villager (Male) |
| 21:22 | Create | Villager (Male) |
| 21:23 | Create | Villager (Male) |
| 21:32 | Create | Villager (Male) |
| 21:40 | Create | Villager (Male) |
| 21:41 | Create | Villager (Male) |
| 21:41 | Create | Villager (Male) |
| 21:43 | Build | Farm |
| 21:43 | Build | Farm |
| 21:43 | Build | Farm |
| 21:44 | Build | Farm |
| 21:44 | Build | Farm |
| 21:44 | Build | Farm |
Build order — gjizhijian6866
First 150 of 441 actions detected
| 0:01 | Create | Villager (Male) |
| 0:02 | Create | Villager (Male) |
| 0:02 | Create | Villager (Male) |
| 0:03 | Build | House |
| 0:05 | Build | House |
| 0:08 | Create | Villager (Male) |
| 0:09 | Create | Villager (Male) |
| 1:25 | Create | Villager (Male) |
| 1:25 | Create | Villager (Male) |
| 1:26 | Create | Villager (Male) |
| 2:04 | Create | Villager (Male) |
| 2:04 | Create | Villager (Male) |
| 2:26 | Create | Villager (Male) |
| 2:26 | Create | Villager (Male) |
| 2:37 | Build | Lumber Camp |
| 3:02 | Build | House |
| 3:17 | Create | Villager (Male) |
| 3:17 | Create | Villager (Male) |
| 3:18 | Create | Villager (Male) |
| 4:07 | Create | Villager (Male) |
| 4:10 | Build | Mill |
| 4:25 | Create | Villager (Male) |
| 4:59 | Create | Villager (Male) |
| 4:59 | Create | Villager (Male) |
| 5:00 | Create | Villager (Male) |
| 5:19 | Build | House |
| 5:33 | Create | Villager (Male) |
| 5:33 | Create | Villager (Male) |
| 5:49 | Create | Villager (Male) |
| 5:56 | Create | Villager (Male) |
| 5:56 | Create | Villager (Male) |
| 5:57 | Create | Villager (Male) |
| 6:22 | Build | Farm |
| 6:24 | Build | Farm |
| 6:51 | Create | Villager (Male) |
| 7:22 | Create | Villager (Male) |
| 7:54 | Create | Villager (Male) |
| 7:59 | Build | Mining Camp |
| 8:19 | Create | Villager (Male) |
| 8:44 | Build | Mining Camp |
| 8:46 | Research | Feudal Age |
| 8:46 | Research | Feudal Age |
| 8:53 | Build | House |
| 10:57 | Age | Feudal Age |
| 10:59 | Create | Villager (Male) |
| 11:03 | Build | Blacksmith |
| 11:06 | Build | Market |
| 11:19 | Create | Villager (Male) |
| 11:59 | Research | Castle Age |
| 11:59 | Research | Castle Age |
| 11:59 | Research | Castle Age |
| 12:31 | Build | House |
| 12:34 | Research | Double-Bit Axe |
| 12:35 | Research | Double-Bit Axe |
| 12:35 | Research | Double-Bit Axe |
| 13:03 | Research | Horse Collar |
| 13:03 | Research | Horse Collar |
| 13:04 | Research | Horse Collar |
| 14:02 | Build | Farm |
| 14:06 | Build | Farm |
| 14:16 | Build | Farm |
| 14:39 | Age | Castle Age |
| 14:41 | Create | Villager (Male) |
| 14:51 | Build | Town Center |
| 14:54 | Create | Villager (Male) |
| 15:02 | Research | Bow Saw |
| 15:02 | Research | Bow Saw |
| 15:12 | Create | Villager (Male) |
| 15:40 | Create | Villager (Male) |
| 16:05 | Create | Villager (Male) |
| 16:28 | Build | Farm |
| 16:35 | Build | Castle |
| 16:39 | Create | Villager (Male) |
| 16:44 | Create | Villager (Male) |
| 16:53 | Build | Farm |
| 16:56 | Build | Farm |
| 17:04 | Create | Villager (Male) |
| 17:06 | Create | Villager (Male) |
| 17:23 | Build | Farm |
| 17:26 | Create | Villager (Male) |
| 17:28 | Create | Villager (Male) |
| 17:37 | Build | Town Center |
| 17:50 | Create | Villager (Male) |
| 17:51 | Create | Villager (Male) |
| 17:54 | Build | Farm |
| 18:18 | Build | Farm |
| 18:22 | Build | House |
| 18:24 | Create | Villager (Male) |
| 18:25 | Create | Villager (Male) |
| 18:28 | Build | House |
| 18:32 | Build | Farm |
| 18:34 | Build | Farm |
| 18:42 | Create | Villager (Male) |
| 18:42 | Create | Villager (Male) |
| 18:50 | Build | Farm |
| 18:53 | Build | Farm |
| 18:56 | Create | Villager (Male) |
| 19:06 | Build | Farm |
| 19:08 | Build | Farm |
| 19:12 | Build | Farm |
| 19:16 | Create | Villager (Male) |
| 19:21 | Build | Farm |
| 19:26 | Create | Villager (Male) |
| 19:27 | Create | Villager (Male) |
| 19:27 | Create | Villager (Male) |
| 19:39 | Build | Farm |
| 19:43 | Create | Villager (Male) |
| 19:45 | Create | Villager (Male) |
| 19:54 | Create | Mameluke |
| 19:54 | Create | Mameluke |
| 19:55 | Create | Mameluke |
| 20:02 | Build | Farm |
| 20:04 | Build | House |
| 20:06 | Build | House |
| 20:08 | Build | Farm |
| 20:10 | Create | Villager (Male) |
| 20:11 | Build | Farm |
| 20:13 | Build | Farm |
| 20:16 | Create | Villager (Male) |
| 20:29 | Create | Villager (Male) |
| 20:32 | Build | Farm |
| 20:42 | Create | Villager (Male) |
| 20:43 | Create | Villager (Male) |
| 20:55 | Create | Villager (Male) |
| 20:56 | Create | Villager (Male) |
| 20:57 | Create | Villager (Male) |
| 21:04 | Build | Farm |
| 21:15 | Create | Mameluke |
| 21:20 | Create | Villager (Male) |
| 21:21 | Create | Villager (Male) |
| 21:25 | Build | House |
| 21:32 | Create | Villager (Male) |
| 21:33 | Create | Villager (Male) |
| 21:46 | Build | Town Center |
| 21:55 | Create | Villager (Male) |
| 21:58 | Build | Farm |
| 21:59 | Build | Farm |
| 22:00 | Build | Mill |
| 22:04 | Build | House |
| 22:06 | Research | Wheelbarrow |
| 22:06 | Research | Wheelbarrow |
| 22:13 | Build | Lumber Camp |
| 22:21 | Build | Mining Camp |
| 22:23 | Create | Villager (Male) |
| 22:25 | Create | Villager (Male) |
| 22:31 | Create | Villager (Male) |
| 22:33 | Create | Villager (Male) |
| 22:41 | Build | House |
| 22:49 | Build | Farm |
| 22:51 | Build | Farm |
Build order — Muelle En Charquito
First 150 of 414 actions detected
| 0:01 | Create | Villager (Male) |
| 0:01 | Create | Villager (Male) |
| 0:02 | Build | House |
| 0:03 | Build | House |
| 0:22 | Create | Villager (Male) |
| 0:22 | Create | Villager (Male) |
| 1:36 | Create | Villager (Male) |
| 1:58 | Create | Villager (Male) |
| 1:59 | Create | Villager (Male) |
| 2:15 | Build | Lumber Camp |
| 2:25 | Create | Villager (Male) |
| 2:41 | Create | Villager (Male) |
| 2:58 | Create | Villager (Male) |
| 3:14 | Create | Villager (Male) |
| 3:40 | Create | Villager (Male) |
| 3:41 | Create | Villager (Male) |
| 3:52 | Build | House |
| 4:04 | Create | Villager (Male) |
| 4:16 | Create | Villager (Male) |
| 4:31 | Create | Villager (Male) |
| 4:50 | Build | Mill |
| 4:52 | Create | Villager (Male) |
| 6:09 | Research | Feudal Age |
| 6:52 | Build | House |
| 7:34 | Age | Feudal Age |
| 7:36 | Create | Villager (Male) |
| 7:39 | Research | Double-Bit Axe |
| 7:42 | Research | Horse Collar |
| 7:47 | Build | House |
| 8:01 | Create | Villager (Male) |
| 8:23 | Create | Villager (Male) |
| 8:35 | Create | Villager (Male) |
| 8:50 | Build | Farm |
| 8:51 | Build | Farm |
| 8:54 | Build | Farm |
| 9:09 | Create | Villager (Male) |
| 9:11 | Build | Farm |
| 9:13 | Build | Farm |
| 9:28 | Build | Farm |
| 9:35 | Build | Farm |
| 9:41 | Research | Wheelbarrow |
| 10:52 | Create | Villager (Male) |
| 11:00 | Build | Farm |
| 11:20 | Create | Villager (Male) |
| 11:28 | Build | Mining Camp |
| 11:31 | Create | Villager (Male) |
| 11:37 | Build | Market |
| 12:03 | Create | Villager (Male) |
| 12:13 | Build | Blacksmith |
| 12:29 | Create | Villager (Male) |
| 13:02 | Create | Villager (Male) |
| 13:10 | Build | House |
| 13:12 | Build | House |
| 13:33 | Research | Castle Age |
| 13:34 | Research | Castle Age |
| 15:07 | Create | Villager (Male) |
| 15:09 | Age | Castle Age |
| 15:11 | Build | Town Center |
| 15:20 | Build | Town Center |
| 15:31 | Research | Bow Saw |
| 15:32 | Create | Villager (Male) |
| 15:57 | Create | Villager (Male) |
| 16:03 | Build | Farm |
| 16:10 | Build | Farm |
| 16:20 | Create | Villager (Male) |
| 16:28 | Create | Villager (Male) |
| 16:29 | Create | Villager (Male) |
| 16:32 | Build | Farm |
| 16:34 | Build | Farm |
| 16:38 | Build | Farm |
| 16:40 | Build | Farm |
| 16:44 | Create | Villager (Male) |
| 16:51 | Build | Farm |
| 16:55 | Build | Farm |
| 16:55 | Create | Villager (Male) |
| 16:59 | Create | Villager (Male) |
| 16:59 | Create | Villager (Male) |
| 17:00 | Create | Villager (Male) |
| 17:02 | Build | Farm |
| 17:11 | Build | Farm |
| 17:13 | Create | Villager (Male) |
| 17:26 | Create | Villager (Male) |
| 17:30 | Create | Villager (Male) |
| 17:33 | Build | House |
| 17:38 | Research | Heavy Plow |
| 17:39 | Create | Villager (Male) |
| 17:40 | Create | Villager (Male) |
| 17:54 | Create | Villager (Male) |
| 17:56 | Build | Farm |
| 17:59 | Build | Farm |
| 18:00 | Create | Villager (Male) |
| 18:09 | Build | Mining Camp |
| 18:14 | Create | Villager (Male) |
| 18:23 | Build | Farm |
| 18:23 | Create | Villager (Male) |
| 18:24 | Create | Villager (Male) |
| 18:28 | Build | House |
| 18:35 | Build | Farm |
| 18:36 | Create | Villager (Male) |
| 18:43 | Build | Farm |
| 18:54 | Build | House |
| 19:01 | Create | Villager (Male) |
| 19:07 | Create | Villager (Male) |
| 19:09 | Build | Farm |
| 19:13 | Build | Farm |
| 19:14 | Create | Villager (Male) |
| 19:16 | Build | Farm |
| 19:19 | Create | Villager (Male) |
| 19:30 | Create | Villager (Male) |
| 19:30 | Create | Villager (Male) |
| 19:48 | Research | Hand Cart |
| 19:51 | Create | Villager (Male) |
| 19:59 | Build | House |
| 20:00 | Build | House |
| 20:02 | Create | Villager (Male) |
| 20:11 | Build | Farm |
| 20:13 | Create | Villager (Male) |
| 20:17 | Build | House |
| 20:23 | Create | Villager (Male) |
| 20:39 | Create | Villager (Male) |
| 20:43 | Research | Gold Mining |
| 20:57 | Create | Villager (Male) |
| 20:58 | Create | Villager (Male) |
| 21:11 | Build | Farm |
| 21:13 | Build | Farm |
| 21:14 | Create | Villager (Male) |
| 21:15 | Create | Villager (Male) |
| 21:16 | Create | Villager (Male) |
| 21:21 | Build | House |
| 21:22 | Create | Villager (Male) |
| 21:24 | Build | Farm |
| 21:29 | Create | Villager (Male) |
| 21:31 | Create | Villager (Male) |
| 21:37 | Research | Loom |
| 21:46 | Create | Villager (Male) |
| 21:49 | Build | House |
| 21:50 | Build | House |
| 21:53 | Create | Villager (Male) |
| 22:05 | Create | Villager (Male) |
| 22:09 | Build | Farm |
| 22:13 | Build | Farm |
| 22:14 | Build | Farm |
| 22:15 | Create | Villager (Male) |
| 22:18 | Build | Farm |
| 22:21 | Build | Farm |
| 22:24 | Build | Farm |
| 22:26 | Build | Farm |
| 22:29 | Create | Villager (Male) |
| 22:39 | Create | Villager (Male) |
| 22:48 | Build | Castle |
Build order — adrylaynez69
First 150 of 415 actions detected
| 0:02 | Create | Villager (Male) |
| 0:03 | Create | Villager (Male) |
| 0:03 | Create | Villager (Male) |
| 0:03 | Create | Villager (Male) |
| 0:06 | Build | House |
| 0:09 | Build | House |
| 1:26 | Create | Villager (Male) |
| 2:15 | Create | Villager (Male) |
| 2:15 | Create | Villager (Male) |
| 2:52 | Create | Villager (Male) |
| 2:52 | Create | Villager (Male) |
| 3:38 | Build | House |
| 3:45 | Create | Villager (Male) |
| 4:09 | Build | House |
| 4:17 | Create | Villager (Male) |
| 4:17 | Create | Villager (Male) |
| 4:37 | Create | Villager (Male) |
| 5:01 | Create | Villager (Male) |
| 5:06 | Build | Lumber Camp |
| 5:44 | Create | Villager (Male) |
| 6:01 | Create | Villager (Male) |
| 6:30 | Create | Villager (Male) |
| 7:17 | Build | Mill |
| 7:19 | Create | Villager (Male) |
| 7:20 | Create | Villager (Male) |
| 7:46 | Build | Farm |
| 7:55 | Research | Feudal Age |
| 7:59 | Create | Villager (Male) |
| 8:00 | Research | Feudal Age |
| 8:15 | Build | Mining Camp |
| 9:03 | Build | Farm |
| 9:07 | Build | House |
| 9:20 | Build | Farm |
| 9:34 | Build | Farm |
| 10:08 | Build | Farm |
| 10:45 | Age | Feudal Age |
| 10:46 | Create | Villager (Male) |
| 10:47 | Create | Villager (Male) |
| 10:48 | Create | Villager (Male) |
| 10:58 | Build | Market |
| 11:30 | Build | Blacksmith |
| 12:04 | Research | Castle Age |
| 12:18 | Research | Double-Bit Axe |
| 12:50 | Build | House |
| 14:21 | Research | Horse Collar |
| 14:44 | Age | Castle Age |
| 14:51 | Create | Villager (Male) |
| 14:52 | Create | Villager (Male) |
| 14:52 | Create | Villager (Male) |
| 14:57 | Build | Town Center |
| 15:17 | Build | Town Center |
| 15:21 | Create | Villager (Male) |
| 15:37 | Build | House |
| 15:41 | Create | Villager (Male) |
| 15:51 | Build | Farm |
| 15:53 | Build | Farm |
| 15:55 | Build | Farm |
| 15:56 | Build | Farm |
| 15:58 | Build | Farm |
| 15:59 | Build | Farm |
| 16:02 | Research | Loom |
| 16:03 | Create | Villager (Male) |
| 16:24 | Create | Villager (Male) |
| 16:24 | Create | Villager (Male) |
| 16:43 | Build | Farm |
| 16:48 | Create | Villager (Male) |
| 16:48 | Create | Villager (Male) |
| 16:53 | Build | House |
| 16:57 | Build | Farm |
| 17:00 | Create | Villager (Male) |
| 17:08 | Create | Villager (Male) |
| 17:08 | Create | Villager (Male) |
| 17:25 | Build | Farm |
| 17:25 | Build | Farm |
| 17:25 | Build | Farm |
| 17:26 | Build | Farm |
| 17:27 | Build | Farm |
| 17:27 | Build | Farm |
| 17:28 | Build | Farm |
| 17:38 | Create | Villager (Male) |
| 17:38 | Create | Villager (Male) |
| 17:43 | Build | House |
| 17:46 | Create | Villager (Male) |
| 17:47 | Create | Villager (Male) |
| 17:52 | Research | Bow Saw |
| 18:07 | Create | Villager (Male) |
| 18:07 | Create | Villager (Male) |
| 18:14 | Create | Villager (Male) |
| 18:14 | Create | Villager (Male) |
| 18:23 | Build | House |
| 18:33 | Create | Villager (Male) |
| 18:34 | Create | Villager (Male) |
| 18:38 | Create | Villager (Male) |
| 18:38 | Create | Villager (Male) |
| 18:46 | Build | Farm |
| 18:47 | Build | Farm |
| 18:49 | Build | Farm |
| 18:50 | Build | Farm |
| 18:53 | Build | Farm |
| 18:55 | Build | Farm |
| 18:58 | Create | Villager (Male) |
| 18:58 | Create | Villager (Male) |
| 18:58 | Create | Villager (Male) |
| 19:03 | Create | Villager (Male) |
| 19:11 | Build | House |
| 19:15 | Create | Villager (Male) |
| 19:15 | Create | Villager (Male) |
| 19:27 | Build | Farm |
| 19:31 | Create | Villager (Male) |
| 19:31 | Create | Villager (Male) |
| 19:40 | Build | Farm |
| 19:43 | Create | Villager (Male) |
| 19:44 | Create | Villager (Male) |
| 19:54 | Create | Villager (Male) |
| 19:55 | Create | Villager (Male) |
| 19:59 | Build | House |
| 20:02 | Create | Villager (Male) |
| 20:11 | Build | Town Center |
| 20:16 | Create | Villager (Male) |
| 20:16 | Create | Villager (Male) |
| 20:16 | Create | Villager (Male) |
| 20:24 | Build | Mining Camp |
| 20:32 | Build | Farm |
| 20:35 | Create | Villager (Male) |
| 20:35 | Create | Villager (Male) |
| 20:39 | Create | Villager (Male) |
| 20:41 | Create | Villager (Male) |
| 20:41 | Create | Villager (Male) |
| 20:46 | Build | House |
| 21:10 | Create | Villager (Male) |
| 21:10 | Create | Villager (Male) |
| 21:15 | Build | Farm |
| 21:20 | Create | Villager (Male) |
| 21:25 | Build | Mining Camp |
| 21:31 | Build | Farm |
| 21:34 | Create | Villager (Male) |
| 21:34 | Create | Villager (Male) |
| 21:44 | Build | House |
| 21:50 | Build | University |
| 21:55 | Build | House |
| 22:01 | Create | Villager (Male) |
| 22:01 | Create | Villager (Male) |
| 22:02 | Create | Villager (Male) |
| 22:02 | Create | Villager (Male) |
| 22:02 | Create | Villager (Male) |
| 22:11 | Build | Farm |
| 22:11 | Build | Farm |
| 22:12 | Build | Farm |
| 22:12 | Build | Farm |
| 22:12 | Build | Farm |
Build order — 0.o
First 150 of 459 actions detected
| 0:01 | Create | Villager (Male) |
| 0:01 | Create | Villager (Male) |
| 0:03 | Build | House |
| 0:04 | Build | House |
| 0:11 | Create | Villager (Male) |
| 0:12 | Create | Villager (Male) |
| 0:12 | Create | Villager (Male) |
| 1:05 | Create | Villager (Male) |
| 1:06 | Create | Villager (Male) |
| 1:35 | Create | Villager (Male) |
| 1:50 | Create | Villager (Male) |
| 2:28 | Create | Villager (Male) |
| 2:42 | Create | Villager (Male) |
| 2:42 | Create | Villager (Male) |
| 3:01 | Build | Lumber Camp |
| 3:13 | Create | Villager (Male) |
| 3:13 | Create | Villager (Male) |
| 3:13 | Create | Villager (Male) |
| 3:26 | Create | Villager (Male) |
| 3:26 | Create | Villager (Male) |
| 3:50 | Build | House |
| 4:18 | Create | Villager (Male) |
| 4:18 | Create | Villager (Male) |
| 4:23 | Build | House |
| 5:15 | Create | Villager (Male) |
| 5:30 | Create | Villager (Male) |
| 5:56 | Create | Villager (Male) |
| 6:03 | Create | Villager (Male) |
| 6:25 | Create | Villager (Male) |
| 6:44 | Create | Villager (Male) |
| 6:48 | Build | Mill |
| 7:50 | Research | Feudal Age |
| 7:50 | Research | Feudal Age |
| 8:01 | Build | Mining Camp |
| 8:25 | Create | Villager (Male) |
| 8:25 | Create | Villager (Male) |
| 8:47 | Build | Farm |
| 8:58 | Build | House |
| 10:31 | Age | Feudal Age |
| 10:33 | Build | Market |
| 10:34 | Build | Blacksmith |
| 11:21 | Research | Castle Age |
| 11:22 | Research | Castle Age |
| 11:22 | Research | Castle Age |
| 11:28 | Research | Double-Bit Axe |
| 12:42 | Research | Horse Collar |
| 12:47 | Build | Farm |
| 12:48 | Build | Farm |
| 12:52 | Build | Farm |
| 12:55 | Build | Farm |
| 13:05 | Create | Villager (Male) |
| 14:01 | Age | Castle Age |
| 14:04 | Build | Town Center |
| 14:13 | Build | Town Center |
| 14:18 | Create | Villager (Male) |
| 14:20 | Research | Bow Saw |
| 14:21 | Research | Bow Saw |
| 14:26 | Build | Farm |
| 14:31 | Build | Farm |
| 14:34 | Create | Villager (Male) |
| 14:37 | Build | Farm |
| 14:39 | Create | Villager (Male) |
| 15:17 | Create | Villager (Male) |
| 15:18 | Create | Villager (Male) |
| 15:28 | Build | Farm |
| 15:32 | Build | Farm |
| 15:40 | Build | Farm |
| 15:41 | Create | Villager (Male) |
| 15:44 | Build | Farm |
| 15:48 | Build | Lumber Camp |
| 15:56 | Build | Farm |
| 16:03 | Create | Villager (Male) |
| 16:06 | Build | Farm |
| 16:20 | Create | Villager (Male) |
| 16:20 | Create | Villager (Male) |
| 16:29 | Create | Villager (Male) |
| 16:29 | Create | Villager (Male) |
| 16:31 | Build | Farm |
| 16:32 | Build | Farm |
| 16:39 | Build | House |
| 16:40 | Build | House |
| 16:43 | Create | Villager (Male) |
| 16:44 | Create | Villager (Male) |
| 16:57 | Create | Villager (Male) |
| 16:58 | Create | Villager (Male) |
| 17:05 | Build | Farm |
| 17:06 | Create | Villager (Male) |
| 17:06 | Create | Villager (Male) |
| 17:10 | Build | Farm |
| 17:15 | Build | House |
| 17:15 | Build | House |
| 17:19 | Build | House |
| 17:20 | Create | Villager (Male) |
| 17:20 | Create | Villager (Male) |
| 17:29 | Create | Villager (Male) |
| 17:36 | Build | Farm |
| 17:37 | Build | Farm |
| 17:40 | Create | Villager (Male) |
| 17:40 | Create | Villager (Male) |
| 17:49 | Build | Farm |
| 17:54 | Create | Villager (Male) |
| 17:54 | Create | Villager (Male) |
| 17:54 | Create | Villager (Male) |
| 17:55 | Create | Villager (Male) |
| 17:55 | Create | Villager (Male) |
| 17:58 | Build | Farm |
| 18:03 | Create | Villager (Male) |
| 18:03 | Create | Villager (Male) |
| 18:05 | Build | House |
| 18:09 | Build | House |
| 18:11 | Build | Farm |
| 18:13 | Build | Farm |
| 18:18 | Build | Farm |
| 18:19 | Create | Villager (Male) |
| 18:19 | Create | Villager (Male) |
| 18:21 | Create | Villager (Male) |
| 18:21 | Create | Villager (Male) |
| 18:21 | Create | Villager (Male) |
| 18:24 | Build | Farm |
| 18:25 | Build | Farm |
| 18:27 | Create | Villager (Male) |
| 18:27 | Create | Villager (Male) |
| 18:28 | Create | Villager (Male) |
| 18:33 | Build | Farm |
| 18:42 | Create | Villager (Male) |
| 18:42 | Create | Villager (Male) |
| 18:52 | Create | Villager (Male) |
| 18:52 | Create | Villager (Male) |
| 18:56 | Build | Farm |
| 19:01 | Create | Villager (Male) |
| 19:03 | Create | Villager (Male) |
| 19:05 | Build | House |
| 19:07 | Build | House |
| 19:14 | Create | Villager (Male) |
| 19:20 | Create | Villager (Male) |
| 19:23 | Build | Farm |
| 19:28 | Create | Villager (Male) |
| 19:32 | Build | House |
| 19:33 | Build | House |
| 19:34 | Create | Villager (Male) |
| 19:37 | Create | Villager (Male) |
| 19:39 | Create | Villager (Male) |
| 19:57 | Create | Villager (Male) |
| 20:02 | Create | Villager (Male) |
| 20:14 | Create | Villager (Male) |
| 20:15 | Create | Villager (Male) |
| 20:17 | Build | House |
| 20:18 | Create | Villager (Male) |
| 20:35 | Create | Villager (Male) |
| 20:36 | Create | Villager (Male) |
Build order — Pedrosa24
First 150 of 633 actions detected
| 0:01 | Create | Villager (Male) |
| 0:01 | Create | Villager (Male) |
| 0:01 | Create | Villager (Male) |
| 0:02 | Create | Villager (Male) |
| 0:02 | Create | Villager (Male) |
| 0:03 | Build | House |
| 0:04 | Build | House |
| 1:31 | Create | Villager (Male) |
| 1:31 | Create | Villager (Male) |
| 2:01 | Create | Villager (Male) |
| 2:01 | Create | Villager (Male) |
| 2:12 | Build | Lumber Camp |
| 2:25 | Create | Villager (Male) |
| 2:25 | Create | Villager (Male) |
| 2:42 | Create | Villager (Male) |
| 2:42 | Create | Villager (Male) |
| 2:56 | Create | Villager (Male) |
| 3:00 | Build | House |
| 3:16 | Create | Villager (Male) |
| 3:16 | Create | Villager (Male) |
| 4:08 | Create | Villager (Male) |
| 4:15 | Create | Villager (Male) |
| 4:26 | Create | Villager (Male) |
| 5:07 | Create | Villager (Male) |
| 5:11 | Build | Mill |
| 5:45 | Create | Villager (Male) |
| 6:12 | Create | Villager (Male) |
| 6:36 | Research | Feudal Age |
| 7:15 | Build | House |
| 7:17 | Build | House |
| 7:33 | Create | Villager (Male) |
| 8:51 | Age | Feudal Age |
| 8:57 | Build | Town Center |
| 9:03 | Create | Villager (Male) |
| 9:06 | Research | Double-Bit Axe |
| 9:27 | Create | Villager (Male) |
| 9:46 | Create | Villager (Male) |
| 9:53 | Build | Farm |
| 9:55 | Create | Villager (Male) |
| 10:17 | Build | Farm |
| 10:19 | Build | Farm |
| 10:23 | Build | Farm |
| 10:24 | Create | Villager (Male) |
| 10:30 | Build | Farm |
| 10:36 | Create | Villager (Male) |
| 10:37 | Create | Villager (Male) |
| 10:42 | Create | Villager (Male) |
| 10:46 | Build | Farm |
| 10:59 | Create | Villager (Male) |
| 11:03 | Build | Farm |
| 11:12 | Create | Villager (Male) |
| 11:24 | Build | Farm |
| 11:26 | Create | Villager (Male) |
| 11:33 | Build | Farm |
| 11:36 | Create | Villager (Male) |
| 11:36 | Create | Villager (Male) |
| 11:49 | Create | Villager (Male) |
| 11:55 | Build | House |
| 11:56 | Build | House |
| 11:57 | Build | House |
| 12:07 | Create | Villager (Male) |
| 12:07 | Create | Villager (Male) |
| 12:11 | Create | Villager (Male) |
| 12:22 | Build | Farm |
| 12:34 | Create | Villager (Male) |
| 12:40 | Build | Farm |
| 12:51 | Build | Farm |
| 12:59 | Create | Villager (Male) |
| 13:06 | Build | Farm |
| 13:09 | Create | Villager (Male) |
| 13:18 | Build | Farm |
| 13:20 | Build | House |
| 13:22 | Build | House |
| 13:30 | Create | Villager (Male) |
| 13:31 | Create | Villager (Male) |
| 13:36 | Build | Farm |
| 13:47 | Create | Villager (Male) |
| 13:57 | Build | House |
| 14:09 | Build | Blacksmith |
| 14:11 | Create | Villager (Male) |
| 14:16 | Research | Wheelbarrow |
| 14:16 | Create | Villager (Male) |
| 14:28 | Build | Lumber Camp |
| 14:41 | Create | Villager (Male) |
| 15:05 | Build | Market |
| 15:08 | Create | Villager (Male) |
| 15:29 | Build | Mining Camp |
| 15:42 | Create | Villager (Male) |
| 15:45 | Build | House |
| 15:46 | Build | House |
| 15:51 | Create | Villager (Male) |
| 15:55 | Build | Farm |
| 15:55 | Build | Farm |
| 16:18 | Research | Castle Age |
| 16:33 | Create | Villager (Male) |
| 16:43 | Build | House |
| 16:44 | Build | House |
| 16:46 | Build | House |
| 16:48 | Build | House |
| 16:51 | Create | Villager (Male) |
| 17:07 | Research | Horse Collar |
| 17:09 | Create | Villager (Male) |
| 17:29 | Create | Villager (Male) |
| 17:30 | Create | Villager (Male) |
| 17:44 | Create | Villager (Male) |
| 17:53 | Create | Villager (Male) |
| 18:00 | Build | House |
| 18:01 | Build | House |
| 18:02 | Build | House |
| 18:16 | Build | House |
| 18:18 | Build | House |
| 18:19 | Build | House |
| 18:20 | Build | House |
| 18:39 | Create | Villager (Male) |
| 18:52 | Create | Villager (Male) |
| 18:58 | Age | Castle Age |
| 19:01 | Build | Town Center |
| 19:04 | Build | Town Center |
| 19:09 | Build | Town Center |
| 19:09 | Create | Villager (Male) |
| 19:16 | Research | Bow Saw |
| 19:19 | Create | Villager (Male) |
| 19:19 | Create | Villager (Male) |
| 19:20 | Create | Villager (Male) |
| 19:22 | Create | Villager (Male) |
| 19:32 | Build | Farm |
| 19:45 | Create | Villager (Male) |
| 19:49 | Build | Lumber Camp |
| 19:51 | Create | Villager (Male) |
| 20:00 | Build | Farm |
| 20:09 | Create | Villager (Male) |
| 20:11 | Build | Farm |
| 20:17 | Create | Villager (Male) |
| 20:21 | Create | Villager (Male) |
| 20:24 | Create | Villager (Male) |
| 20:30 | Create | Villager (Male) |
| 20:35 | Build | Farm |
| 20:37 | Build | Farm |
| 20:41 | Build | Farm |
| 20:44 | Create | Villager (Male) |
| 20:50 | Build | Farm |
| 20:52 | Build | Farm |
| 20:55 | Build | Farm |
| 20:56 | Create | Villager (Male) |
| 20:57 | Create | Villager (Male) |
| 20:58 | Create | Villager (Male) |
| 21:03 | Create | Villager (Male) |
| 21:07 | Create | Villager (Male) |
| 21:11 | Build | Farm |
| 21:12 | Build | Farm |
Match timeline
| 7:34 | Muelle En Charquito · age_up feudal |
| 8:51 | Pedrosa24 · age_up feudal |
| 8:57 | 鹿乃子乃子虎视眈眈 · first_building Barracks |
| 9:21 | Joselu9710 · first_building Barracks |
| 10:06 | 鹿乃子乃子虎视眈眈 · age_up feudal |
| 10:31 | 0.o · age_up feudal |
| 10:45 | adrylaynez69 · age_up feudal |
| 10:57 | gjizhijian6866 · age_up feudal |
| 11:01 | 鹿乃子乃子虎视眈眈 · first_market_buy 100 food |
| 11:01 | Joselu9710 · age_up feudal |
| 11:04 | Joselu9710 · first_building Stable |
| 11:07 | 鹿乃子乃子虎视眈眈 · first_market_sell 100 wood |
| 11:12 | 福宝 · age_up feudal |
| 12:28 | 福宝 · first_market_sell 100 wood |
| 12:31 | 福宝 · first_market_buy 100 food |
| 13:55 | 鹿乃子乃子虎视眈眈 · age_up castle |
| 13:56 | 鹿乃子乃子虎视眈眈 · first_building Monastery |
| 14:01 | 0.o · age_up castle |
| 14:39 | gjizhijian6866 · age_up castle |
| 14:44 | adrylaynez69 · age_up castle |
| 14:46 | Joselu9710 · age_up castle |
| 14:55 | Joselu9710 · first_building Monastery |
| 15:09 | Muelle En Charquito · age_up castle |
| 15:18 | 福宝 · age_up castle |
| 16:35 | gjizhijian6866 · first_building Castle |
| 17:11 | gjizhijian6866 · first_market_buy 100 food |
| 18:44 | Pedrosa24 · first_market_sell 100 wood |
| 18:46 | Pedrosa24 · first_market_buy 100 stone |
| 18:58 | Pedrosa24 · age_up castle |
| 20:49 | Joselu9710 · first_market_sell 100 wood |
| 22:28 | 0.o · first_building Castle |
| 22:40 | 福宝 · first_building Barracks |
| 22:48 | Muelle En Charquito · first_building Castle |
| 22:55 | Muelle En Charquito · first_building Barracks |
| 23:41 | 0.o · first_market_sell 100 wood |
| 23:49 | Muelle En Charquito · first_building Archery Range |
| 24:13 | adrylaynez69 · first_market_sell 100 wood |
| 24:14 | adrylaynez69 · first_market_buy 100 food |
| 24:38 | 福宝 · first_building Siege Workshop |
| 24:39 | adrylaynez69 · first_building Castle |
| 24:42 | Pedrosa24 · first_building Castle |
| 24:57 | adrylaynez69 · first_building Barracks |
| 25:00 | 福宝 · first_building Stable |
| 25:37 | gjizhijian6866 · first_building Barracks |
| 25:56 | adrylaynez69 · first_building Archery Range |
| 26:04 | Muelle En Charquito · age_up imperial |
| 26:36 | gjizhijian6866 · first_building Stable |
| 26:42 | Muelle En Charquito · first_market_sell 100 food |
| 26:52 | Pedrosa24 · first_building Barracks |
| 27:14 | gjizhijian6866 · first_market_sell 100 wood |
| 27:15 | Joselu9710 · first_building Castle |
| 27:33 | 0.o · age_up imperial |
| 28:14 | Pedrosa24 · first_building Stable |
| 28:41 | 福宝 · age_up imperial |
| 28:51 | adrylaynez69 · age_up imperial |
| 29:32 | Muelle En Charquito · first_building Siege Workshop |
| 29:49 | gjizhijian6866 · first_building Archery Range |
| 29:53 | Pedrosa24 · age_up imperial |
| 30:13 | 鹿乃子乃子虎视眈眈 · first_building Castle |
| 30:14 | Joselu9710 · age_up imperial |
| 30:21 | 鹿乃子乃子虎视眈眈 · first_building Stable |
| 30:34 | gjizhijian6866 · age_up imperial |
| 31:48 | 0.o · first_building Barracks |
| 32:03 | 福宝 · wall_segment Stone Wall x1 |
| 32:03 | 鹿乃子乃子虎视眈眈 · age_up imperial |
| 32:56 | 0.o · first_market_buy 100 stone |
| 33:45 | Joselu9710 · first_market_buy 100 food |
| 34:25 | 鹿乃子乃子虎视眈眈 · first_building Archery Range |
| 35:40 | 福宝 · first_building Castle |
| 38:42 | Pedrosa24 · tribute_sent a jugador 1 |
| 38:42 | Pedrosa24 · tribute_sent a jugador 2 |
| 38:42 | Pedrosa24 · tribute_sent a jugador 3 |
| 38:42 | Pedrosa24 · tribute_sent a jugador 4 |
| 38:42 | Pedrosa24 · tribute_sent a jugador 5 |
| 38:42 | Pedrosa24 · tribute_sent a jugador 6 |
| 38:42 | Pedrosa24 · tribute_sent a jugador 7 |
| 38:57 | gjizhijian6866 · wall_segment Stone Wall x7 |
| 39:04 | gjizhijian6866 · wall_segment Stone Wall x4 |
| 39:10 | Joselu9710 · tribute_sent a jugador 1 |
| 39:10 | Joselu9710 · tribute_sent a jugador 3 |
| 39:10 | Joselu9710 · tribute_sent a jugador 4 |
| 39:10 | Joselu9710 · tribute_sent a jugador 5 |
| 39:10 | Joselu9710 · tribute_sent a jugador 6 |
| 39:10 | Joselu9710 · tribute_sent a jugador 7 |
| 39:10 | Joselu9710 · tribute_sent a jugador 8 |
| 39:23 | 福宝 · tribute_sent a jugador 2 |
| 39:23 | 福宝 · tribute_sent a jugador 3 |
| 39:23 | 福宝 · tribute_sent a jugador 4 |
| 39:23 | 福宝 · tribute_sent a jugador 5 |
| 39:23 | 福宝 · tribute_sent a jugador 6 |
| 39:23 | 福宝 · tribute_sent a jugador 7 |
| 39:23 | 福宝 · tribute_sent a jugador 8 |
| 39:25 | 0.o · wall_segment Stone Wall x1 |
| 39:35 | adrylaynez69 · tribute_sent a jugador 1 |
| 39:35 | adrylaynez69 · tribute_sent a jugador 2 |
| 39:35 | adrylaynez69 · tribute_sent a jugador 3 |
| 39:35 | adrylaynez69 · tribute_sent a jugador 4 |
| 39:35 | adrylaynez69 · tribute_sent a jugador 5 |
| 39:35 | adrylaynez69 · tribute_sent a jugador 7 |
| 39:35 | adrylaynez69 · tribute_sent a jugador 8 |
| 40:08 | 0.o · wall_segment Stone Wall x7 |
| 40:53 | 0.o · resign |
[ AI ANALYSIS · 1 CREDIT ]
What really happened in this match?
Wolo.gg analyzes every decision: build order, eco, micro, common mistakes by bracket. Personalized analysis on WhatsApp or Discord in 30 seconds.
Civ guide
Lithuanians
Perfil
Jugador #1353343